 Dungeon Crawl Stone Soup version 0.31-a0-1591-g515db51633 (webtiles) character file.

Game seed: 8776799179687115361

368 James the Cutter (level 6, 0/32 HPs)
             Began as a Vine Stalker Fighter on Jan 6, 2024.
             Splashed by a jelly's acid (4 damage)
             ... on level 4 of the Dungeon.
             The game lasted 00:09:37 (3022 turns).

James the Cutter (Vine Stalker Fighter)             Turns: 3022, Time: 00:09:37

Health: 0/32       AC: -8    Str: 18    XL:     6   Next: 69%
Magic:  0/7        EV: 10    Int:  8    God:
Gold:   173        SH:  5    Dex: 16    Spells: 5/5 levels left

rFire   . . .        a - +0 rapier
rCold   . . .        c - +0 buckler
rNeg    . . .        v - +2 leather armour {Will+}
rPois   .            s - +1 helmet
rElec   .            (no cloak)
rCorr   .            (no gloves)
SInv    +            (no boots)
Will    +....        (no amulet)
Stlth   +            z - ring of see invisible
HPRegen 1.05/turn    C - ring of flight
MPRegen 0.10/turn

%: guardian spirit
@: corroded, flying, invisible
A: fangs 2, regeneration 1, magic shield, antimagic bite, no potion heal 2
a: no special abilities


You were on level 4 of the Dungeon.
You visited 1 branch of the dungeon, and saw 4 of its levels.

You collected 173 gold pieces.

Inventory:

Hand Weapons
 a - a +0 rapier (weapon)
 f - a +0 halberd
   (You took it off a gnoll on level 4 of the Dungeon)
 h - a +0 dagger
   (You took it off a kobold on level 1 of the Dungeon)
 n - a +0 rapier
   (You found it on level 1 of the Dungeon)
 o - a +0 short sword
   (You took it off a kobold on level 1 of the Dungeon)
 u - a +0 spear
   (You found it on level 2 of the Dungeon)
 G - a +0 spear
   (You took it off a gnoll on level 3 of the Dungeon)
Missiles
 e - 38 stones (quivered)
Armour
 b - a +0 scale mail
 c - a +0 buckler (worn)
 g - a +0 leather armour
   (You found it on level 1 of the Dungeon)
 k - a +0 ring mail
   (You found it on level 1 of the Dungeon)
 l - a +0 robe
   (You found it on level 1 of the Dungeon)
 p - a +0 scale mail
   (You found it on level 2 of the Dungeon)
 q - a +0 ring mail
   (You found it on level 2 of the Dungeon)
 s - a +1 helmet (worn)
   (You found it on level 2 of the Dungeon)
 t - a +0 robe
   (You found it on level 2 of the Dungeon)
 v - a +2 leather armour of willpower (worn)
   (You found it on level 2 of the Dungeon)
 x - a +0 ring mail
   (You found it on level 2 of the Dungeon)
 A - a +0 ring mail
   (You found it on level 2 of the Dungeon)
 F - a +0 robe
   (You found it on level 3 of the Dungeon)
Jewellery
 z - a ring of see invisible (left hand)
   (You found it on level 1 of the Dungeon)
 C - a ring of flight (right hand)
   (You found it on level 3 of the Dungeon)
Scrolls
 j - 3 scrolls of enchant armour
 y - a scroll of teleportation {@r4}
Potions
 d - 2 potions of might
 i - a potion of invisibility
 m - 2 potions of curing {unknown}
 w - 2 potions of enlightenment {unknown}
 D - a potion of brilliance {unknown}
 H - a potion of lignification {unknown}


   Skills:
 - Level 3.0 Fighting
 * Level 5.6 Short Blades
 - Level 3.0 Armour
 + Level 0.4 Dodging
 - Level 3.0 Shields


You had 5 spell levels left.
You didn't know any spells.
Your spell library contained the following spells:

 Spells                   Type           Power      Damage    Failure   Level
 Slow                     Hex            0%         N/A       54%         1
 Confusing Touch          Hex            0%         N/A       89%         3
 Sigil of Binding         Hex            0%         N/A       89%         3
 Vampiric Draining        Necr           0%         2d6       89%         3


Dungeon Overview and Level Annotations

Branches:
Dungeon (4/15)
 Temple: D:4-7

Altars:


Innate Abilities, Weirdness & Mutations

You have extremely sharp teeth.
Your natural rate of healing is unusually fast.
When hurt, damage is shared between your health and your magic reserves.
Your bite disrupts and absorbs the magic of your enemies.
Potions cannot restore your health.


Message History

The gnoll barely misses you.
You puncture the gnoll!
You kill the gnoll!
Things that are here:
a +0 halberd; a gnoll corpse
f - a +0 halberd
Found a scroll labelled ZEJIZULIODU.
r - a scroll labelled ZEJIZULIODU
Found 6 gold pieces.
There is a stone staircase leading up here.
As you read the scroll labelled ZEJIZULIODU, it crumbles to dust.
You assume a fearsome visage.
Nothing appears to happen.
It was a scroll of fear.
You reach down and open the door.
There is an open door here.
A jelly comes into view.
The jelly quivers.
You hit the jelly but do no damage. The acid corrodes you!
Your hands burn!
The jelly barely misses you.
You hit the jelly but do no damage.
Your hands burn!
The jelly hits you. The acid corrodes you!
You are splashed with acid.
You hit the jelly but do no damage.
Your hands burn!
You block the jelly's attack.
You hit the jelly but do no damage.
Your hands burn!
The jelly barely misses you.
You hit the jelly.
Your hands burn!
* * * LOW HITPOINT WARNING * * *
You bite the jelly, but do no damage. The jelly closely misses you.
You puncture the jelly! The acid corrodes you!
Your hands burn!
* * * LOW HITPOINT WARNING * * *
You bite the jelly, but do no damage. The jelly barely misses you.
You hit the jelly but do no damage.
Your hands burn!
* * * LOW HITPOINT WARNING * * *
You bite the jelly, but do no damage. The jelly hits you.
* * * LOW HITPOINT WARNING * * *
The acid corrodes you!
You are splashed with acid!
* * * LOW HITPOINT WARNING * * *
Okay, then.
You fade into invisibility!
You block the jelly's attack.
Unknown command.
Press: ? - help, v - describe, . - travel The floor.
Unknown command.
You hit the jelly.
Your hands burn!
* * * LOW HITPOINT WARNING * * *
The jelly hits you.
* * * LOW HITPOINT WARNING * * *
You are splashed with acid.
You die...

#........#<..#..........##.#
#.###.###.....#####.###.##.# #.#
#.# ##...## #.# #.##.#
#.###.###.# ##.## #.###.##.#
#.........# #.# #........#
#####.##### #.# #####.#### ####.#
##'## #...# ##.##.# ##...## #...#
##.#.#.## ##..@..## ##...#
#.#...#.# ##...J...## ##..###
##<.....####.........# #...#
##........+.........+...........
##......####.........####...#####
#.#.#..## ##.......## ##..#
.##....## ##.....## ##.#
###...#.# ##...## #.# .##....###
##+## #.#


You could see a jelly.

Vanquished Creatures
  An ogre (D:4)
  A scorpion (D:4)
  A jelly (D:3)
  A sleepcap (D:4)
  5 gnolls
  4 adders
  A white imp (D:3)
  2 ribbon worms
  9 ball pythons
  7 bats
  3 endoplasms (D:3)
  7 giant cockroaches
  5 hobgoblins
  5 jackals
  7 kobolds
  4 quokkas
  3 frilled lizards
  8 goblins
  2 rats (D:2)
76 creatures vanquished.

Notes
Turn   | Place    | Note
-------+----------+-------------------------------------------
     0 | D:1      | James the Vine Stalker Fighter began the quest for the Orb.
     0 | D:1      | Reached XP level 1. HP: 11/11 MP: 2/2
    97 | D:1      | Reached skill level 2 in Short Blades
   142 | D:1      | Reached XP level 2. HP: 16/16 MP: 3/3
   334 | D:1      | Found a faded altar of an unknown god.
   418 | D:1      | Reached skill level 3 in Short Blades
   430 | D:1      | Reached XP level 3. HP: 19/19 MP: 4/4
  1008 | D:2      | Reached XP level 4. HP: 23/23 MP: 3/5
  1033 | D:2      | Reached skill level 4 in Short Blades
  1930 | D:3      | Reached XP level 5. HP: 25/27 MP: 6/6
  2624 | D:4      | Reached skill level 5 in Short Blades
  2624 | D:4      | Reached XP level 6. HP: 22/32 MP: 7/7
  2798 | D:4      | HP: 1/32 [ogre/+0 giant club (13)]
  3022 | D:4      | Splashed by a jelly's acid

Illustrated notes

Levels and vault maps discovered:
D:1:      dpeg_arrival_boxorama, layout_basic,
          hellmonk_ecumenical_altar_heavens_door, grunt_decor_fettered
D:2:      cheibrodos_helix_gallery, layout_rooms
D:3:      layout_basic
D:4:      layout_loops_corners, nicolae_overflow_two_pavilions

Skill      XL: |  1  2  3  4  5  6 |
---------------+-------------------+-----
Short Blades   | 2 3 4 5 |  5.6
Fighting       | 3 |  3.0
Shields        | 3 |  3.0
Armour         | 3 |  3.0
Dodging        | |  0.4

Action                     |  1- 3 |  4- 6 || total
---------------------------+-------+-------++-------
  Melee: Rapier            |   117 |   146 ||   263
         Bite              |    23 |    47 ||    70
  Throw: Dart              |     2 |     1 ||     3
         Stone             |     1 |     9 ||    10
    Use: Scroll            |       |     6 ||     6
         Potion            |       |     1 ||     1
 Armour: Scale mail        |    71 |       ||    71
         Leather armour    |     3 |    66 ||    69
  Dodge: Dodged            |    55 |    60 ||   115
  Block: Buckler           |    28 |    18 ||    46

Table legend: (Time is in decaauts)
 A = Elapsed time spent in this place.
 B = Non-inter-level travel time spent in this place.
 C = Inter-level travel time spent in this place.
 D = Time resting spent in this place.
 E = Time spent auto-exploring this place.
 F = Levels seen in this place.
 G = Mean time per level.
                   A        B        C        D        E       F      G
               +--------+--------+--------+--------+--------+-----+--------+
         Total |   3036 |   2795 |    241 |    109 |   1621 |   4 |  759.0 |
       Dungeon |   3036 |   2795 |    241 |    109 |   1621 |   4 |  759.0 |
               +--------+--------+--------+--------+--------+-----+--------+

Top non-repeatable levels by time:
     D:3: 1248 daAuts
     D:1: 769 daAuts
     D:2: 678 daAuts
     D:4: 339 daAuts
